 Dungeon Crawl Stone Soup version 0.18.1-50-g88ac8fd (webtiles) character file.

39938 Nordron the Thaumaturge (level 14, -11/80 HPs)
             Began as a Gargoyle Fire Elementalist on Sept 27, 2016.
             Was a High Priest of Vehumet.
             Mangled by a sphinx (25 damage)
             ... summoned by Kirke
             ... while paralysed by a sphinx
             ... on level 7 of the Lair of Beasts on Sept 28, 2016.
             The game lasted 02:41:59 (19531 turns).

Nordron the Thaumaturge (GrFE)                     Turns: 19531, Time: 02:42:00

Health: -11/80     AC:  0    Str: 13    XL:     14   Next: 8%
Magic:  30/30      EV:  3    Int: 20    God:    Vehumet [*****.]
Gold:   6717       SH:  0    Dex: 10    Spells: 6 memorised, 18 levels left

rFire  . . .     SeeInvis .     (weapon currently unavailable)
rCold  . . .     Gourm    .     (armour currently unavailable)
rNeg   + . .     Faith    .     (shield currently unavailable)
rPois  ∞         Spirit   .     (helmet currently unavailable)
rElec  .         Dismiss  .     (cloak currently unavailable)
rCorr  .         Reflect  .     (gloves currently unavailable)
SustAt .         Harm     .     (boots currently unavailable)
MR     +....                    B - amulet of magic regeneration
Stlth  ++........               (ring currently unavailable)
                                (ring currently unavailable)

@: paralysed, pig-form, flying, slowed, very quick, somewhat resistant to
hostile enchantments, unstealthy
A: (big wings), negative energy resistance 1, (electricity resistance),
(unbreathing), petrification resistance, rot immunity, AC +9
a: Renounce Religion


You were on level 7 of the Lair of Beasts.
You worshipped Vehumet.
Vehumet was extremely pleased with you.
You were hungry.
You were a filthy swine.
You visited 3 branches of the dungeon, and saw 16 of its levels.
You also visited: Labyrinth.

You collected 6717 gold pieces.

Inventory:

Hand Weapons
 N - a +4 flail (melded)
 S - a +1 quarterstaff of holy wrath
 U - the +6 hand crossbow "Wetis" {flame, *Corrode rF++}
   (You found it in a labyrinth)

   It causes projectiles fired from it to burn those they strike, causing extra
   injury to most foes and up to half again as much damage against particularly
   susceptible opponents.
   It greatly protects you from fire.
   It may corrode you when you take damage.
Armour
 d - a +2 helmet (melded)
 p - a +0 pair of boots (melded)
 r - a +1 robe of cold resistance
 I - a +0 buckler (melded)
 R - a +0 pair of gloves (melded)
 V - the +5 swamp dragon armour "Rarr" (melded) {rPois rF+ rN+ rCorr Dex-4}
   (You found it in a labyrinth)

   It affects your dexterity (-4).
   It protects you from fire.
   It protects you from poison.
   It protects you from negative energy.
   It protects you from acid and corrosion.
 Y - a +0 cloak (melded)
Jewellery
 A - a ring of magical power (melded)
 B - an amulet of magic regeneration (around neck)
 H - the ring "Plog" (melded) {rC+ AC+3 Slay+5}
   (You found it in a labyrinth)

   [ring of protection]

   It affects your AC (+3).
   It affects your accuracy and damage with ranged weapons and melee attacks
   (+5).
   It protects you from cold.
 J - a +5 amulet of reflection
 M - a +2 ring of slaying
Wands
 c - a wand of iceblast (6/15)
 o - a wand of acid (12/15)
 z - a wand of hasting (3/9)
 C - a wand of disintegration (15/24)
 E - a wand of iceblast (5/15)
 K - a wand of hasting (7/9)
 P - a wand of digging (15/24)
Scrolls
 f - 4 scrolls of identify
 g - 8 scrolls of teleportation
 h - 2 scrolls of enchant weapon
 m - a scroll of acquirement
 n - 7 scrolls of remove curse
 t - a scroll of enchant armour
 v - 2 scrolls of magic mapping
 y - 3 scrolls of blinking
Potions
 a - 2 potions of agility
 i - 6 potions of curing
 j - a potion of might
 q - 3 potions of lignification
 s - a potion of cure mutation {unknown}
 u - 6 potions of cancellation
 F - a potion of brilliance {unknown}
Books
 b - a book of Flames

   Spells                             Type                      Level
   a - Flame Tongue                   Conjuration/Fire             1
   b - Throw Flame                    Conjuration/Fire             2
   c - Conjure Flame                  Conjuration/Fire             3
   d - Inner Flame                    Hexes/Fire                   3
   e - Sticky Flame                   Conjuration/Fire             4
   f - Fireball                       Conjuration/Fire             5
 k - a book of Changes

   Spells                             Type                      Level
   a - Beastly Appendage              Transmutation                1
   b - Sticks to Snakes               Transmutation                2
   c - Spider Form                    Transmutation/Poison         3
   d - Ice Form                       Ice/Transmutation            4
   e - Blade Hands                    Transmutation                5
 w - a book of Ice

   Spells                             Type                      Level
   a - Ice Form                       Ice/Transmutation            4
   b - Metabolic Englaciation         Hexes/Ice                    5
   c - Ozocubu's Refrigeration        Ice                          6
   d - Bolt of Cold                   Conjuration/Ice              6
   e - Freezing Cloud                 Conjuration/Ice/Air          6
   f - Simulacrum                     Ice/Necromancy               6
 G - a book of Burglary

   Spells                             Type                      Level
   a - Swiftness                      Charms/Air                   2
   b - Passwall                       Transmutation/Earth          2
   c - Passage of Golubria            Translocation                4
   d - Lee's Rapid Deconstruction     Earth                        5
   e - Darkness                       Hexes                        6
   f - Invisibility                   Hexes                        6
 L - a book of Envenomations

   Spells                             Type                      Level
   a - Spider Form                    Transmutation/Poison         3
   b - Olgreb's Toxic Radiance        Poison                       4
   c - Alistair's Intoxication        Transmutation/Poison         5
   d - Poisonous Cloud                Conjuration/Poison/Air       6
 O - a Fen Folio

   Spells                             Type                      Level
   a - Corpse Rot                     Necromancy                   2
   b - Stone Arrow                    Conjuration/Earth            3
   c - Leda's Liquefaction            Hexes/Earth                  4
   d - Summon Forest                  Summoning/Translocation      5
   e - Hydra Form                     Transmutation                6
   f - Summon Hydra                   Summoning                    7
Miscellaneous
 e - a phial of floods
 Q - a crystal ball of energy
Comestibles
 l - 3 beef jerkies
 D - 2 bread rations


   Skills:
 + Level 6.3 Fighting
 + Level 6.1 Maces & Flails
 + Level 6.7 Armour
 + Level 5.3 Dodging
 - Level 2.1 Stealth
 + Level 4.9 Shields
 * Level 12.2 Spellcasting
 + Level 10.0 Conjurations
 + Level 9.6 Fire Magic
 + Level 4.8 Air Magic
 + Level 5.6 Evocations


You had 18 spell levels left.
You knew the following spells:

 Your Spells              Type           Power        Failure   Level  Hunger
a - Flame Tongue          Conj/Fire      #####        1%          1    None
b - Conjure Flame         Conj/Fire      ######..     1%          3    None
c - Sticky Flame          Conj/Fire      ######..     1%          4    #......
d - Fireball              Conj/Fire      ######....   1%          5    ####...
e - Swiftness             Chrm/Air       ###.....     3%          2    None
f - Throw Icicle          Conj/Ice       ####....     2%          4    #......


Dungeon Overview and Level Annotations

Branches:
Dungeon (8/15)             Temple (1/1) D:6            Lair (7/8) D:8
  Swamp (0/4) Lair:4        Snake (0/4) Lair:3
  Slime: Lair:6-8

Altars:
Ashenzari
Cheibriados
Dithmenos
Fedhas
Gozag
Kikubaaqudgha
Makhleb
Nemelex Xobeh
Okawaru
Pakellas
Qazlal
Ru
Sif Muna
Trog
Vehumet
Xom
Yredelemnul
Zin
The Shining One

Shops:
D:4 [

Annotations:
Lair:2 cache
Lair:7 Kirke


Innate Abilities, Weirdness & Mutations

You are resistant to torment.
((Your stone body is resilient (AC +9).))
You are immune to poison.
((Your large and strong wings let you fly indefinitely.))
You resist negative energy.
((You are resistant to electric shocks.))
((You can survive without breathing.))
You are immune to petrification.
You are immune to rotting.


Message History

Your ring of magical power melds into your body.
You feel your magic capacity decrease.
You're too confused to move!
You feel less confused.
Kirke casts a spell.
Kirke summons a lindwurm!
Kirke casts a spell at you.
You feel a momentary urge to oink. The sphinx hits you!
The sphinx closely misses you. The sphinx hits you.
The sphinx completely misses you. The sphinx hits you. The sphinx hits you!
Drink which item? (? for menu, Esc to quit)
Okay, then.
The sphinx casts a spell.
You suddenly lose the ability to move!
The sphinx hits you. The sphinx hits you!
* * * LOW HITPOINT WARNING * * *
The sphinx hits you.
* * * LOW HITPOINT WARNING * * *
The sphinx hits you!!
You die...

###......:...# ###..# #
##.....#...# ##.## #
###.#....P# ##P..### #
####.....## #....#.#
#P##....#### ##.....##
###.P..P.#...## #......#
####.............# #P.....#
#.##..........kH#####......#
.###............h..##......#
P#.........................##
##..............##..........#
....#............#..........#
.#..#.....)#P.#####....<...P#
.####P..####### ##........##
## #...# ##......#.#
###..#### ### #######..####
#....P..###.###.#.#.P..#


You could see a sphinx and a lindwurm.

Vanquished Creatures
  The ghost of Gargoyl the Agent of Entropy, a journeyman DsAK of Lugonu (Lair:4)
  A minotaur (Lab)
  Fannar (Lair:3)
  8 hydras
  Erica (Lair:2)
  12 death yaks
  The ghost of blejac99 the Carver, a journeyman TeGl of Okawaru (Lair:2)
  Pikel (D:6)
  Joseph (D:8)
  12 black mambas
  Psyche (D:8)
  A gargoyle (D:8)
  7 spiny frogs
  9 komodo dragons
  Prince Ribbit (D:8)
  3 blink frogs
  11 yaks
  4 hogs
  4 basilisks
  Eustachio (D:6)
  9 hippogriffs
  2 insubstantial wisps (Lair:4)
  15 water moccasins
  9 porcupines
  2 orc warriors (D:8)
  An ice beast (D:8)
  A sky beast (D:5)
  4 centaurs
  A phantom (D:5)
  A necrophage (D:8)
  7 ogres
  8 wolves
  7 crocodiles
  12 giant frogs
  2 big kobolds (D:6)
  2 scorpions
  18 killer bees
  An electric eel (Lair:4)
  2 vampire bats (Lair:7)
  A howler monkey (D:8)
  A crimson imp (D:5)
  A gnoll shaman (D:6)
  A hound (D:3)
  3 giant frog skeletons
  5 orc priests
  4 orc wizards
  10 iguanas
  4 worker ants
  A hell rat (Lair:4)
  16 sheep
  13 gnolls
  10 adders
  84 river rats
  6 shadow imps
  3 oozes
  5 worms
  2 giant geckos
  22 orcs
  4 giant cockroaches
  6 goblins
  14 hobgoblins
  6 jackals (D:3)
  2 quokkas
  2 ball pythons
  12 bats
  2 giant newts
  17 kobolds
  4 rats
446 creatures vanquished.

Vanquished Creatures (others)
  A crimson imp (D:6)
  A worker ant (D:6)
  A giant gecko (D:6)
  7 fungi
  2 plants (Lair:2)
12 creatures vanquished.

Grand Total: 458 creatures vanquished

Notes
Turn   | Place    | Note
--------------------------------------------------------------
     0 | D:1      | Nordron the Gargoyle Fire Elementalist began the quest for the Orb.
     0 | D:1      | Reached XP level 1. HP: 10/10 MP: 3/3
   155 | D:1      | Reached XP level 2. HP: 10/15 MP: 0/5
   949 | D:2      | Reached XP level 3. HP: 19/19 MP: 1/7
  1016 | D:2      | Found a faded altar to an unknown god.
  1048 | D:2      | Reached skill level 3 in Spellcasting
  1561 | D:3      | Reached XP level 4. HP: 24/24 MP: 5/9
  1571 | D:3      | Learned a level 3 spell: Conjure Flame
  1576 | D:3      | Learned a level 4 spell: Sticky Flame
  1613 | D:3      | Found a bloodstained altar of Trog.
  1617 | D:3      | Found a burning altar of Makhleb.
  1617 | D:3      | Found an ancient bone altar of Kikubaaqudgha.
  1748 | D:3      | Reached XP level 5. HP: 28/28 MP: 7/10
  2094 | D:3      | Reached skill level 4 in Spellcasting
  2546 | D:3      | Found a deep blue altar of Sif Muna.
  2546 | D:3      | Found a sacrificial altar of Ru.
  2550 | D:3      | Found an oddly glowing altar of Pakellas.
  2678 | D:4      | Noticed an ogre
  2770 | D:4      | Reached XP level 6. HP: 26/32 MP: 7/12
  2996 | D:4      | Found Touboxur's Armour Emporium.
  3537 | D:4      | Reached skill level 5 in Spellcasting
  3537 | D:4      | Reached XP level 7. HP: 31/36 MP: 7/14
  3662 | D:5      | Entered Level 5 of the Dungeon
  3935 | D:5      | Reached skill level 5 in Fire Magic
  4174 | D:5      | Reached skill level 6 in Spellcasting
  4174 | D:5      | Reached XP level 8. HP: 33/41 MP: 15/17
  4397 | D:5      | Reached skill level 5 in Conjurations
  4532 | D:6      | Found a staircase to the Ecumenical Temple.
  4537 | D:6      | Noticed Pikel
  4542 | Temple   | Entered the Ecumenical Temple
  4636 | D:6      | Killed Pikel
  4636 | D:6      | Reached skill level 7 in Spellcasting
  4679 | D:6      | Noticed Eustachio
  4691 | D:6      | Killed Eustachio
  4728 | D:6      | Reached XP level 9. HP: 31/45 MP: 6/20
  5630 | D:8      | Reached skill level 8 in Spellcasting
  6822 | D:8      | Noticed Prince Ribbit
  6832 | D:8      | Killed Prince Ribbit
  6832 | D:8      | Reached skill level 9 in Spellcasting
  6845 | D:8      | Found a radiant altar of Vehumet.
  6851 | D:8      | Became a worshipper of Vehumet
  7059 | D:8      | Learned a level 5 spell: Fireball
  7062 | D:8      | Learned a level 2 spell: Swiftness
  7116 | D:8      | Noticed Joseph
  7133 | D:8      | Killed Joseph
  7133 | D:8      | Reached XP level 10. HP: 26/51 MP: 8/23
  7241 | D:8      | Reached skill level 1 in Maces & Flails
  7299 | D:8      | Reached skill level 1 in Fighting
  7624 | D:8      | Noticed a gargoyle
  7677 | D:8      | Reached skill level 1 in Air Magic
  7683 | D:8      | Killed a gargoyle
  7683 | D:8      | Reached skill level 1 in Armour
  7683 | D:8      | Reached skill level 1 in Shields
  7683 | D:8      | Reached skill level 1 in Evocations
  7814 | D:8      | Noticed Psyche
  7826 | D:8      | Killed Psyche
  8181 | D:8      | Found a staircase to the Lair.
  8473 | Lair:1   | Entered Level 1 of the Lair of Beasts
  8478 | Lair:1   | Reached * piety under Vehumet
  8478 | Lair:1   | Offered knowledge of Sting by Vehumet.
  8596 | Lair:1   | Reached skill level 10 in Spellcasting
  8802 | Lair:1   | Reached XP level 11. HP: 54/58 MP: 20/25
  9081 | Lair:1   | Got a fine quarterstaff
  9086 | Lair:1   | Identified the +5 quarterstaff of Rucuts {vamp, rElec rN++ Int+2 Dex-5} (You found it on level 1 of the Lair of Beasts)
  9521 | Lair:2   | Noticed a six-headed hydra
  9917 | Lair:2   | Noticed blejac99's ghost (journeyman TeGl)
 10014 | Lair:2   | Noticed an eight-headed hydra
 10019 | Lair:2   | Noticed a seven-headed hydra
 10025 | Lair:2   | Killed an eight-headed hydra
 10029 | Lair:2   | Killed a seven-headed hydra
 10055 | Lair:2   | Offered knowledge of Shock by Vehumet.
 10193 | Lair:2   | Killed blejac99's ghost
 10551 | Lair:2   | Killed a six-headed hydra
 10833 | Lair:2   | Noticed Erica
 10850 | Lair:2   | Killed Erica
 11350 | Lair:3   | Reached ** piety under Vehumet
 11492 | Lair:3   | Found a staircase to the Snake Pit.
 11503 | Lair:3   | Reached XP level 12. HP: 30/66 MP: 15/26
 12045 | Lair:3   | Reached skill level 11 in Spellcasting
 12096 | Lair:3   | Noticed a six-headed hydra
 12255 | Lair:3   | Noticed Fannar
 12276 | Lair:3   | Offered knowledge of Throw Frost by Vehumet.
 12336 | Lair:3   | Killed a six-headed hydra
 12389 | Lair:3   | Killed Fannar
 12686 | Lair:3   | Reached *** piety under Vehumet
 13069 | Lair:4   | Found a labyrinth entrance.
 13203 | Lab      | Entered a labyrinth
 14136 | Lab      | Noticed a minotaur
 14152 | Lab      | Killed a minotaur
 14210 | Lab      | Got a flickering wooden ring
 14211 | Lab      | Got a translucent hand crossbow
 14211 | Lab      | Got a jewelled swamp dragon armour
 14416 | Lair:2   | Identified the +5 swamp dragon armour "Rarr" {rPois rF+ rN+ rCorr Dex-4} (You found it in a labyrinth)
 14440 | Lair:2   | Identified the +6 hand crossbow "Wetis" {flame, *Corrode rF++} (You found it in a labyrinth)
 14448 | Lair:2   | Identified a +3 rod of shadows (11/11) (You found it in a labyrinth)
 14472 | Lair:2   | Identified the ring "Plog" {rC+ AC+3 Slay+5} (You found it in a labyrinth)
 14492 | Lair:2   | Identified a scroll of acquirement
 14722 | Lair:4   | Found a staircase to the Swamp.
 14765 | Lair:4   | Noticed Gargoyl's ghost (journeyman DsAK)
 15218 | Lair:4   | Noticed a death yak
 15218 | Lair:4   | Noticed a death yak
 15292 | Lair:3   | Killed a death yak
 15292 | Lair:3   | Reached skill level 5 in Fighting
 15404 | Lair:4   | Noticed a death yak
 15404 | Lair:4   | Noticed a death yak
 15425 | Lair:3   | Killed a death yak
 15425 | Lair:3   | Reached skill level 5 in Armour
 15452 | Lair:3   | Killed a death yak
 15476 | Lair:3   | Killed a death yak
 15476 | Lair:3   | Offered knowledge of Ignite Poison by Vehumet.
 15730 | Lair:4   | Reached XP level 13. HP: 72/72 MP: 28/28
 16389 | Lair:4   | Killed Gargoyl's ghost
 16389 | Lair:4   | Reached skill level 5 in Maces & Flails
 17168 | Lair:5   | Reached **** piety under Vehumet
 17279 | Lair:5   | Offered knowledge of Dazzling Spray by Vehumet.
 17587 | Lair:6   | Reached skill level 5 in Dodging
 17849 | Lair:6   | Reached skill level 5 in Evocations
 17853 | Lair:6   | Reached ***** piety under Vehumet
 17984 | Lair:6   | Offered knowledge of Throw Icicle by Vehumet.
 17984 | Lair:6   | Reached skill level 12 in Spellcasting
 18278 | Lair:7   | Noticed Kirke
 18645 | Lair:7   | Gained mutation: Your large and strong wings let you fly indefinitely. [Gargoyle growth]
 18645 | Lair:7   | Reached XP level 14. HP: 46/80 MP: 30/30
 18751 | Lair:7   | Reached skill level 10 in Conjurations
 19309 | Lair:7   | Learned a level 4 spell: Throw Icicle
 19508 | Lair:7   | Noticed a sphinx
 19511 | Lair:7   | Paralysed by a sphinx for 4 turns
 19528 | Lair:7   | Paralysed by a sphinx for 7 turns
 19531 | Lair:7   | Mangled by a sphinx

Skill      XL: |  1  2  3  4  5  6  7  8  9 10 11 12 13 14 |
---------------+-------------------------------------------+-----
Spellcasting   | 3 4 5 6 7 9 10 11 12 | 12.2
Conjurations   | 2 3 4 6 7 8 9 10 | 10.0
Fire Magic     | 4 5 6 7 8 9 |  9.6
Maces & Flails | 2 3 4 6 |  6.1
Fighting       | 2 4 5 6 |  6.3
Air Magic      | 2 3 4 |  4.8
Armour         | 2 4 5 6 |  6.7
Dodging        | 2 3 4 5 |  5.3
Shields        | 2 3 4 |  4.9
Evocations     | 2 3 4 5 |  5.6
Stealth        | |  2.1

Action                   |  1- 3 |  4- 6 |  7- 9 | 10-12 | 13-15 || total
-------------------------+-------+-------+-------+-------+-------++-------
Melee: Unarmed           |    11 |       |       |       |       ||    11
       Club              |    12 |       |       |       |       ||    12
       Mace              |     7 |    29 |       |       |       ||    36
       Flail             |       |     7 |    78 |   164 |   291 ||   540
 Cast: Flame Tongue      |    50 |    98 |   195 |   455 |   250 ||  1048
       Sticky Flame      |       |     1 |    18 |    71 |    55 ||   145
       Conjure Flame     |       |       |       |    14 |     8 ||    22
       Fireball          |       |       |       |     6 |    11 ||    17
       Swiftness         |       |       |       |     3 |     1 ||     4
 Abil: Fly               |       |       |       |       |     1 ||     1
Evoke: Wand              |       |       |       |     6 |       ||     6
  Use: Scroll            |       |       |       |    27 |     1 ||    28
       Potion            |       |       |       |     2 |       ||     2
 Stab: Distracted        |       |       |       |     1 |       ||     1
  Eat: Chunk             |     2 |     7 |    12 |    17 |    11 ||    49
       Fruit             |       |       |     1 |     8 |       ||     9
       Bread ration      |       |       |       |     3 |       ||     3
       Beef jerky        |       |       |       |       |     1 ||     1
Armor: Robe              |    17 |    33 |    78 |   231 |       ||   359
       Swamp dragon armo |       |       |       |    66 |   296 ||   362
Dodge: Dodged            |    33 |    56 |   124 |   371 |   227 ||   811
Block: Buckler           |       |       |       |    37 |    68 ||   105
